 Dungeon Crawl Stone Soup version 0.13-a0-2236-g7be3fc8 (webtiles) character file.

283 M4edhros the Bolt Thrower (level 5, 0/35 HPs)
             Began as an Octopode Arcane Marksman on July 4, 2013.
             Succumbed to a scorpion's poison
             ... on Level 4 of the Dungeon.
             The game lasted 00:06:09 (3100 turns).

M4edhros the Bolt Thrower (OpAM)                    Turns: 3100, Time: 00:06:10

HP   0/35        AC  1     Str 10      XL: 5   Next: 38%
MP   5/7         EV 12     Int 14 (17) God:
Gold 126         SH  0     Dex 13      Spells:  1 memorised,  7 levels left

Res.Fire  : . . .   See Invis. : .   (no weapon)
Res.Cold  : . . .   Warding    : .   (no shield)
Life Prot.: . . .   Conserve   : .   (helmet restricted)
Res.Poison: .       Res.Corr.  : .   o - amulet of guardian spirit
Res.Elec. : .       Clarity    : +   r - ring of wizardry
Sust.Abil.: . .     Spirit.Shd : +   m - +3 ring of dexterity
Res.Mut.  : .       Stasis     : .   (no ring)
Res.Rott. : .       Flight     : .   (no ring)
Saprovore : . . .                    (no ring)
                                     (no ring)
                                     (no ring)
                                     (no ring)

@: quite poisoned, slightly resistant to hostile enchantments, fairly stealthy
A: almost no armour, amphibious, 8 rings, constrict 8, camouflage 1, clarity,
spit poison 1, AC +1, Dex -1
a: Spit Poison


You were on level 4 of the Dungeon.
You were near starving.

You visited 1 branch of the dungeon, and saw 4 of its levels.

You collected 76 gold pieces.

Inventory:

Hand weapons
 b - a +0,+0 crossbow
Missiles
 c - 20 bolts
 q - 11 silver bolts
Comestibles
 f - 3 bread rations
 k - 2 bananas
 n - an apricot
 p - a meat ration
 s - an orange
Scrolls
 g - a scroll of remove curse
 j - 4 scrolls of random uselessness
 l - a scroll of noise
Jewellery
 m - a +3 ring of dexterity (right tentacle)
 o - an amulet of guardian spirit (around mantle)
 r - a ring of wizardry (left tentacle)
Books
 d - a book of Debilitation

   Spells                             Type                      Level
   *Corona                            Hexes                        1
   Slow                               Hexes                        2
   Inner Flame                        Hexes/Fire                   3
   Enslavement                        Hexes                        4
   Cause Fear                         Hexes                        4
   Leda's Liquefaction                Hexes/Earth                  4


   Skills:
 + Level 3.6 Fighting
 + Level 4.0 Crossbows
 - Level 2.0 Dodging
 - Level 2.0 Spellcasting
 - Level 3.0 Hexes


You had 7 spell levels left.
You knew the following spells:

 Your Spells              Type           Power        Failure   Level  Hunger
a - Corona                Hex            #......      3%          1    ##.....


Dungeon Overview and Level Annotations

Branches:
Dungeon (4/27)
 Temple: D:4-7

Altars:

Annotations
D:3 Grinder


Innate Abilities, Weirdness & Mutations

You cannot wear most types of armour.
You are amphibious.
You can wear up to eight rings at the same time.
You can use your tentacles to constrict many enemies at once.
Your skin changes colour to match your surroundings (Stlth).
Your rubbery body absorbs attacks (AC +1).
You possess an exceptional clarity of mind.
You are clumsy (Dex -1).
You can spit poison.


Message History

The scorpion stings you!
You aren't carrying any potions.
You release your grip on the scorpion.
* * * LOW HITPOINT WARNING * * *
You feel very sick.
* * * LOW HITPOINT WARNING * * *
You feel very sick.
* * * LOW HITPOINT WARNING * * *
You feel very sick.
* * * LOW HITPOINT WARNING * * *
You feel sick.
* * * LOW HITPOINT WARNING * * *
You feel very sick.
You feel a little better.
* * * LOW HITPOINT WARNING * * *
You feel sick.
* * * LOW HITPOINT WARNING * * *
You feel sick.
You feel a little better.
You die...

##########
#<.......#
########.#
#@# #.#
#s# #.#
#.# #.#
#.# #.#
#.#


You could see a scorpion.

Vanquished Creatures
  A worker ant (D:3)
  Jessica (D:2)
  7 adders
  A worm (D:2)
  3 giant geckos
  An ooze (D:3)
  7 bats
  3 giant cockroaches (D:2)
  A goblin (D:3)
  6 hobgoblins
  4 jackals (D:2)
  2 quokkas
  2 giant newts
  5 kobolds
  5 rats
49 creatures vanquished.

Vanquished Creatures (others)
  A rat (D:2)
1 creature vanquished.

Grand Total: 50 creatures vanquished

Notes
Turn   | Place    | Note
--------------------------------------------------------------
     0 | D:1      | M4edhros, the Octopode Arcane Marksman, began the quest for the Orb.
     0 | D:1      | Reached XP level 1. HP: 13/13 MP: 1/1
   345 | D:1      | Reached XP level 2. HP: 16/18 MP: 3/3
   721 | D:2      | Noticed Jessica
   723 | D:2      | Reached XP level 3. HP: 19/23 MP: 4/4
   730 | D:2      | Killed Jessica
  1033 | D:2      | Gained mutation: You possess an exceptional clarity of mind. [potion of mutation]
  1033 | D:2      | Gained mutation: You can spit poison. [potion of mutation]
  1033 | D:2      | Gained mutation: You are clumsy (Dex -1). [potion of mutation]
  1089 | D:2      | Reached XP level 4. HP: 29/29 MP: 6/6
  2265 | D:3      | Reached XP level 5. HP: 22/35 MP: 7/7
  2861 | D:3      | Reached skill level 4 in Crossbows
  2871 | D:3      | Noticed Grinder
  2883 | D:3      | Paralysed by Grinder for 3 turns
  3098 | D:4      | HP: 1/35 [poisoned by a scorpion]
  3100 | D:4      | Succumbed to a scorpion's poison

Action                   |  1- 3 |  4- 6 || total
-------------------------+-------+-------++-------
Melee: Unarmed           |    77 |   120 ||   197
  Use: Potion            |     4 |     5 ||     9
       Scroll            |       |     6 ||     6
 Stab: Sleeping          |     4 |       ||     4
